 Dungeon Crawl Stone Soup version 0.24.0-1-gfbc8707 (webtiles) character file.

Game seed: 2397197724820557795, levelgen mode: deterministic

48 Cathelsopet the Insei (level 3, -2/24 HPs)
             Began as an Octopode Transmuter on Jan 3, 2020.
             Slain by a worm (8 damage)
             ... on level 2 of the Dungeon.
             The game lasted 00:04:29 (879 turns).

Cathelsopet the Insei (Octopode Transmuter)          Turns: 879, Time: 00:04:29

Health: -2/24      AC:  1    Str:  9    XL:     3   Next: 72%
Magic:  6/6        EV: 13    Int: 16    God:
Gold:   122        SH:  0    Dex: 12    Spells: 5/6 levels left

rFire    . . .     SeeInvis .     - Unarmed
rCold    . . .     Gourm    .   (no shield)
rNeg     . . .     Faith    .   (helmet restricted)
rPois    .         Spirit   .   (no amulet)
rElec    .         Reflect  .   h - ring of protection from magic
rCorr    .         Harm     .   (no ring)
MR       +....                  (no ring)
Stlth    ++........             (no ring)
HPRegen  0.08/turn              (no ring)
MPRegen  0.10/turn              (no ring)
                                (no ring)
                                (no ring)

@: lethally poisoned (-2 -> -4)
A: almost no armour, stealthy swim, amphibious, 8 rings, constrict 8, camouflage
1, gelatinous body 1
a: no special abilities


You were on level 2 of the Dungeon.
You were not hungry.

You visited 1 branch of the dungeon, and saw 2 of its levels.

You collected 122 gold pieces.

Inventory:

Hand Weapons
 b - a +0 hunting sling
Missiles
 a - 26 arrows
 e - 5 silver boomerangs (quivered)
 f - 62 stones
Jewellery
 h - a ring of protection from magic (left tentacle)
Scrolls
 d - a scroll of amnesia {unknown}
 g - 2 scrolls of noise {unknown}
 i - a scroll of fear {unknown}
 k - a scroll of enchant armour {unknown}
Potions
 j - 2 potions of curing {unknown}
Comestibles
 c - 5 rations


   Skills:
 + Level 2.1 Fighting
 - Level 2.0 Dodging
 + Level 3.5 Unarmed Combat
 - Level 2.0 Spellcasting
 + Level 2.7 Transmutations


You had 5 spell levels left.
You knew the following spells:

 Your Spells              Type           Power        Failure   Level  Hunger
a - Beastly Appendage     Tmut           ##....       7%          1    #......

Your spell library contained the following spells:

 Spells                   Type           Power        Failure   Level  Hunger
 Sticks to Snakes         Tmut           ##......     10%         2    ###....
 Spider Form              Tmut/Pois      #.........   34%         3    ###....
 Ice Form                 Ice/Tmut       #.......     75%         4    #####..
 Blade Hands              Tmut           ##........   88%         5    ######.


Dungeon Overview and Level Annotations

Branches:
Dungeon (2/15)

Altars:


Innate Abilities, Weirdness & Mutations

You cannot wear most types of armour.
You are very stealthy in the water. (Stealth+)
You are amphibious.
You can wear up to eight rings at the same time.
You can use your tentacles to constrict eight enemies at once.
Your skin changes colour to match your surroundings (Stealth+).
Your rubbery body absorbs attacks. (AC +1, EV +1)


Message History

A worm comes into view.
You tentacle-slap the adder. Your squeeze misses the adder.
The adder is almost dead.
You constrict the adder.
You kill the adder!
The kobold misses you.
You barely miss the kobold. You grab the kobold.
You constrict the kobold, but do no damage.
The kobold hits you but does no damage.
You barely miss the kobold. You constrict the kobold. The kobold misses you.
You tentacle-slap the kobold. You squeeze the kobold.
You kill the kobold!
You feel sick. The rat bites you but does no damage.
You barely miss the rat. Your grab misses the rat. The rat bites you.
* * * LOW HITPOINT WARNING * * *
You tentacle-slap the rat but do no damage.
You grab the rat. You constrict the rat.
You kill the rat!
The worm bites you!
You die...

##.........
....#....
...(#...
......
#.... ...
#)# #@#
#..w.#
#....#
#.....
#.....
#...##.
#.[. . ..##
..


You could see a worm.

Vanquished Creatures
  An adder (D:2)
  A dart slug (D:1)
  2 leopard geckos (D:1)
  5 bats (D:1)
  3 giant cockroaches
  3 goblins
  4 hobgoblins
  2 jackals (D:1)
  5 kobolds
  A ball python (D:1)
  2 frilled lizards (D:1)
  3 rats
32 creatures vanquished.

Notes
Turn   | Place    | Note
-------+----------+-------------------------------------------
     0 | D:1      | Cathelsopet the Octopode Transmuter began the quest for the
                  | Orb.
     0 | D:1      | Reached XP level 1. HP: 13/13 MP: 3/3
   173 | D:1      | Reached XP level 2. HP: 13/18 MP: 5/5
   478 | D:1      | Reached XP level 3. HP: 23/24 MP: 6/6
   879 | D:2      | Slain by a worm

Levels and vault maps discovered:
D:1:      dpeg_arrival_refuge, layout_basic, minmay_misc_feat_roman,
          dk_noncrumbling_3, st_stairs_8, minmay_tromino_v4_b
D:2:      layout_basic

Skill      XL: |  1  2  3 |
---------------+----------+-----
Fighting       | 2 |  2.1
Dodging        | |  2.0
Unarmed Combat | |  3.5
Spellcasting   | |  2.0
Transmutations | |  2.7

Action                   || total
-------------------------++-------
Melee: Unarmed           ||    67
       Constrict         ||    26
       Kick              ||     2
       Tentacles         ||    12
       Punch             ||     2
 Fire: Hunting sling     ||    11
Throw: Boomerang         ||     1
 Cast: Beastly Appendage ||     1
 Stab: Sleeping          ||     3
Armor: Skin              ||    11
Dodge: Dodged            ||    49
